Canucks vs Flyers
Created - November 11, 2017 at 23:44
Goals
|
| Canucks |
0 |
0 |
2 |
0 |
0 |
2 |
| Flyers |
1 |
1 |
0 |
0 |
1 |
3 |
|
Shots
|
| Canucks |
6 |
11 |
9 |
2 |
3 |
28 |
| Flyers |
8 |
7 |
12 |
1 |
2 |
28 |
|
1st period
1. Flyers , Stefan Ruzicka 2 (Jeff Woywitka 6) at 19:58
Penalties :
Wayne Simmonds (Phi) for Holding (Minor) at 10:24, Ryan Hollweg (Van) for Elbowing (Minor) at 15:12
2nd period
2. Flyers , Matthew Lombardi 2 (Victor Bartley 2, Rostislav Olesz 4) at 5:57
Penalties :
Matt Smaby (Phi) for Diving (Minor) at 0:23, Wayne Simmonds (Phi) for Hooking (Minor) at 2:55, Milan Michalek (Van) for Tripping (Minor) at 7:00, Maxim Afinogenov (Van) for Interference (Minor) at 14:50
3rd period
3. Canucks , Nik Antropov 3 (Alex Goligoski 11, Ryan Hollweg 2) at 3:37
4. Canucks , Alex Goligoski 4 (Maxim Afinogenov 7, Clarke MacArthur 3) at 8:02 (PP)
Penalties :
Chris Kreider (Phi) for Tripping (Minor) at 6:32, Maxim Afinogenov (Van) for Hooking (Minor) at 15:07, Matt Stajan (Van) for Tripping (Minor) at 19:01
Overtime #1
No Goal
Penalties :
No Penalty
Shootout
Penalty Shot by Mike Ribeiro for Canucks - Shot Misses the Net
Penalty Shot by Jeff Carter for Flyers - Stopped by Carey Price
Penalty Shot by Matt Stajan for Canucks - Shot Misses the Net
Penalty Shot by Kyle Wellwood for Flyers - Goal!
Penalty Shot by Nik Antropov for Canucks - Stopped by Steve Mason
Penalties :
No Penalty
Goalie Stats
Carey Price (Van), 26 saves from 28 shots - (0.929), OTL, 5-7-1, 65:00 minutes
Steve Mason (Phi), 26 saves from 28 shots - (0.929), W, 3-1-1, 65:00 minutes
Players Stats for Canucks
Player Name G A P +/- PIM S H SB GA TA FO MP PP MP PK MP
------------------------------------------------------------------------------------
Alex Goligoski 1 1 2 1 0 4 2 1 0 0 0/0 30:10 4:40 5:38
Ben Lovejoy 0 0 0 1 0 3 1 1 2 1 0/0 30:10 4:40 5:38
Clarke MacArthur 0 1 1 0 0 0 2 1 0 0 0/0 16:51 3:07 2:19
Jamie McBain 0 0 0 -2 0 0 0 1 1 1 0/0 22:44 2:47 4:17
Jiri Hudler 0 0 0 0 0 1 5 2 0 0 0/1 15:16 4:17 0:00
Lasse Kukkonen 0 0 0 0 0 0 1 2 0 0 0/0 20:39 2:47 4:17
Matt Stajan 0 0 0 0 2 2 0 2 2 1 2/4 19:50 3:07 4:10
Maxim Afinogenov 0 1 1 -1 4 1 2 0 0 0 2/3 17:41 3:07 0:00
Maxim Lapierre 0 0 0 -1 0 2 2 0 1 0 3/4 10:08 0:03 0:15
Mike Ribeiro 0 0 0 -1 0 2 3 0 0 0 25/39 25:40 4:17 5:26
Milan Michalek 0 0 0 -1 2 3 5 0 1 1 0/1 21:30 4:17 1:37
Nik Antropov 1 0 1 1 0 3 0 0 0 1 5/6 13:03 0:00 2:17
Nikolai Zherdev 0 0 0 -1 0 3 1 0 0 1 0/0 7:53 0:03 0:00
Patrik Elias 0 0 0 -1 0 2 3 0 0 0 0/1 10:53 0:00 2:45
Rene Bourque 0 0 0 1 0 0 1 0 0 0 0/0 9:50 0:00 0:00
Ryan Hollweg 0 1 1 1 2 2 1 0 2 0 0/1 11:25 0:03 0:00
Sami Lepisto 0 0 0 0 0 0 0 2 0 1 0/0 12:06 0:00 0:00
Tom Poti 0 0 0 -2 0 0 0 5 0 0 0/0 14:11 0:00 0:00
Players Stats for Flyers
Player Name G A P +/- PIM S H SB GA TA FO MP PP MP PK MP
------------------------------------------------------------------------------------
Alex Killorn 0 0 0 0 0 2 1 0 0 0 0/2 11:22 0:00 0:00
Alexei Morozov 0 0 0 0 0 6 1 1 0 0 0/1 11:20 0:00 0:00
Chris Kreider 0 0 0 -1 2 2 0 1 0 0 0/1 24:05 4:51 1:59
Dany Heatley 0 0 0 0 0 2 2 0 0 0 0/0 17:10 4:03 0:29
Jakub Voracek 0 0 0 -1 0 1 3 0 1 1 0/1 19:55 4:51 0:00
Jean-Gabriel Pageau 0 0 0 0 0 1 1 0 0 1 3/9 14:05 0:00 0:58
Jeff Carter 0 0 0 -1 0 0 0 0 0 0 11/26 22:11 4:51 0:00
Jeff Woywitka 0 1 1 0 0 0 4 2 0 2 0/0 25:16 3:50 4:01
Jonathan Ericsson 0 0 0 0 0 0 2 0 2 0 0/0 28:30 5:04 4:45
Kyle Wellwood 0 0 0 0 0 3 1 0 2 0 4/9 18:16 4:03 2:06
Matt Smaby 0 0 0 0 2 1 1 1 0 1 0/0 26:22 5:04 3:06
Matthew Lombardi 1 0 1 2 0 1 1 2 0 0 5/10 10:46 0:00 4:23
Nathan Paetsch 0 0 0 1 0 2 0 1 1 0 0/0 16:16 0:00 2:42
Rostislav Olesz 0 1 1 2 0 1 1 1 0 0 0/0 11:46 0:00 4:23
Stefan Ruzicka 1 0 1 2 0 2 0 1 0 0 0/0 6:12 0:00 0:00
Stephane Robidas 0 0 0 0 0 0 2 0 1 2 0/0 21:05 3:50 0:20
Victor Bartley 0 1 1 1 0 2 2 1 0 2 0/0 12:41 0:00 0:00
Wayne Simmonds 0 0 0 0 4 2 1 0 0 0 0/1 15:11 4:03 0:36
3 Stars
1 - Alex Goligoski (Van)
2 - Matthew Lombardi (Phi)
3 - Stefan Ruzicka (Phi)
Power Play
Canucks - 1 on 4 Attempt(s) - 25.00%
Flyers - 0 on 5 Attempt(s) - 0.00%
Penalty Kill
Canucks - 5 on 5 Attempt(s) - 100.00%
- Score 0 goal in Penalty Kill
Flyers - 3 on 4 Attempt(s) - 75.00%
- Score 0 goal in Penalty Kill
Team Stat
Canucks - Hits : 29 - Faceoff Wins : 37 - Blocked Shots : 17 - Penalty Minutes : 10
Flyers - Hits : 23 - Faceoff Wins : 23 - Blocked Shots : 11 - Penalty Minutes : 8
Official
Referees : Charron Francis and LaRue Dennis
Linesman : Vaughan Rody and Darren Gibbs
Game Notes
No Game Note
Finance
Level 1 -- Attendance: 5551 (92.52%) -- Ticket Income $499,590
Level 2 -- Attendance: 4310 (86.20%) -- Ticket Income $237,050
Level 3 -- Attendance: 2000 (100.00%) -- Ticket Income $70,000
Level 4 -- Attendance: 3807 (95.18%) -- Ticket Income $95,175
Luxury Box -- Attendance: 705 (70.50%) -- Ticket Income $116,325
Game was played at the Wells Fargo Center.
Total Attendance: 16373 (90.96%)
Total Ticket Income: $1,018,140
Other Income: $152,721
Total Income: $1,170,861
Canucks
5 vs 5 Forward
Center Left Wing Right Wing Time % Phy DF OF
1 Mike Ribeiro Milan Michalek Maxim Afinogenov 40 1 2 2
2 Matt Stajan Clarke MacArthur Jiri Hudler 30 1 2 2
3 Nik Antropov Ryan Hollweg Rene Bourque 20 1 2 2
4 Maxim Lapierre Patrik Elias Nikolai Zherdev 10 1 2 2
5 vs 5 Defense
Defense Defense Time % Phy DF OF
1 Alex Goligoski Ben Lovejoy 40 1 2 2
2 Tom Poti Jamie McBain 30 1 2 2
3 Lasse Kukkonen Sami Lepisto 20 1 2 2
4 Alex Goligoski Ben Lovejoy 10 1 2 2
PowerPlay Forward
Center Left Wing Right Wing Time % Phy DF OF
1 Mike Ribeiro Milan Michalek Jiri Hudler 60 1 2 2
2 Matt Stajan Clarke MacArthur Maxim Afinogenov 40 1 2 2
PowerPlay Defense
Defense Defense Time % Phy DF OF
1 Alex Goligoski Ben Lovejoy 60 1 2 2
2 Lasse Kukkonen Jamie McBain 40 1 2 2
Penalty Kill 4 Players Forward
Center Wing Time % Phy DF OF
1 Mike Ribeiro Matt Stajan 60 1 2 2
2 Nik Antropov Milan Michalek 40 1 2 2
Penalty Kill 4 Players Defense
Defense Defense Time % Phy DF OF
1 Alex Goligoski Ben Lovejoy 60 1 2 2
2 Lasse Kukkonen Jamie McBain 40 1 2 2
Penalty Kill - 3 Players Forward
Forward Time % Phy DF OF
1 Mike Ribeiro 60 1 2 2
2 Matt Stajan 40 1 2 2
Penalty Kill - 3 Players Defense
Defense Defense Time % Phy DF OF
1 Alex Goligoski Ben Lovejoy 60 1 2 2
2 Lasse Kukkonen Jamie McBain 40 1 2 2
4 vs 4 Forward
Center Wing Time % Phy DF OF
1 Mike Ribeiro Matt Stajan 60 1 2 2
2 Nik Antropov Milan Michalek 40 1 2 2
4 vs 4 Defense
Defense Defense Time % Phy DF OF
1 Alex Goligoski Ben Lovejoy 60 1 2 2
2 Lasse Kukkonen Jamie McBain 40 1 2 2
Last Minutes Offensive
Center Left Wing Right Wing Defense Defense
Mike Ribeiro Milan Michalek Jiri Hudler Alex Goligoski Ben Lovejoy
Last Minutes Defensive
Center Left Wing Right Wing Defense Defense
Mike Ribeiro Milan Michalek Jiri Hudler Alex Goligoski Ben Lovejoy
Goaltenders
Starting : Carey Price
Backup : Karri Ramo
Extra Forwards
Normal : Maxim Lapierre, Ryan Hollweg, Patrik Elias - PP : Maxim Lapierre, Ryan Hollweg - PK : Patrik Elias
Extra Defensemen
Normal : Tom Poti, Sami Lepisto, Lasse Kukkonen - PP : Tom Poti - PK : Sami Lepisto, Lasse Kukkonen
Penalty Shots
Mike Ribeiro, Matt Stajan, Nik Antropov, Milan Michalek, Clarke MacArthur
Scratches
None
Flyers
5 vs 5 Forward
Center Left Wing Right Wing Time % Phy DF OF
1 Jeff Carter Chris Kreider Jakub Voracek 40 1 1 3
2 Kyle Wellwood Dany Heatley Wayne Simmonds 30 1 1 3
3 Jean-Gabriel Pageau Alex Killorn Alexei Morozov 20 0 2 3
4 Matthew Lombardi Rostislav Olesz Stefan Ruzicka 10 0 5 0
5 vs 5 Defense
Defense Defense Time % Phy DF OF
1 Jonathan Ericsson Matt Smaby 40 1 2 2
2 Stephane Robidas Jeff Woywitka 30 1 2 2
3 Nathan Paetsch Victor Bartley 20 1 2 2
4 Jonathan Ericsson Jeff Woywitka 10 0 2 3
PowerPlay Forward
Center Left Wing Right Wing Time % Phy DF OF
1 Jeff Carter Chris Kreider Jakub Voracek 60 1 0 4
2 Kyle Wellwood Dany Heatley Wayne Simmonds 40 1 0 4
PowerPlay Defense
Defense Defense Time % Phy DF OF
1 Jonathan Ericsson Matt Smaby 60 0 2 3
2 Stephane Robidas Jeff Woywitka 40 0 2 3
Penalty Kill 4 Players Forward
Center Wing Time % Phy DF OF
1 Matthew Lombardi Rostislav Olesz 60 0 5 0
2 Kyle Wellwood Wayne Simmonds 40 0 4 1
Penalty Kill 4 Players Defense
Defense Defense Time % Phy DF OF
1 Jonathan Ericsson Matt Smaby 60 0 5 0
2 Jeff Woywitka Nathan Paetsch 40 0 5 0
Penalty Kill - 3 Players Forward
Forward Time % Phy DF OF
1 Matthew Lombardi 60 0 5 0
2 Kyle Wellwood 40 0 4 1
Penalty Kill - 3 Players Defense
Defense Defense Time % Phy DF OF
1 Jonathan Ericsson Matt Smaby 60 0 5 0
2 Jeff Woywitka Nathan Paetsch 40 0 5 0
4 vs 4 Forward
Center Wing Time % Phy DF OF
1 Jeff Carter Chris Kreider 60 1 2 2
2 Kyle Wellwood Dany Heatley 40 0 2 3
4 vs 4 Defense
Defense Defense Time % Phy DF OF
1 Jonathan Ericsson Matt Smaby 60 1 2 2
2 Stephane Robidas Jeff Woywitka 40 1 2 2
Last Minutes Offensive
Center Left Wing Right Wing Defense Defense
Jeff Carter Dany Heatley Jakub Voracek Jonathan Ericsson Jeff Woywitka
Last Minutes Defensive
Center Left Wing Right Wing Defense Defense
Matthew Lombardi Chris Kreider Wayne Simmonds Jonathan Ericsson Jeff Woywitka
Goaltenders
Starting : Steve Mason
Backup : Cory Schneider
Extra Forwards
Normal : Jeff Carter, Dany Heatley, Chris Kreider - PP : Jeff Carter, Dany Heatley - PK : Matthew Lombardi
Extra Defensemen
Normal : Jonathan Ericsson, Matt Smaby, Jeff Woywitka - PP : Jonathan Ericsson - PK : Jonathan Ericsson, Jeff Woywitka
Penalty Shots
Jeff Carter, Kyle Wellwood, Dany Heatley, Alexei Morozov, Chris Kreider
Scratches
Marcus Kruger (Left Eye Injury), Cam Fowler (Healthy)
% Time on Ice - Canucks
Lines # - Real PCT - Wanted PCT - Time Play
Normal Forward
1 - 35% - 40% - 15:11
2 - 26% - 30% - 11:10
3 - 23% - 20% - 9:50
4 - 17% - 10% - 7:28
Normal Defense
1 - 40% - 40% - 17:29
2 - 35% - 30% - 15:19
3 - 24% - 20% - 10:18
4 - 1% - 10% - 0:33
PP Forward
1 - 58% - 60% - 4:20
2 - 42% - 40% - 3:07
PP Defense
1 - 63% - 60% - 4:40
2 - 37% - 40% - 2:47
PK Forward
1 - 74% - 60% - 6:37
2 - 26% - 40% - 2:17
PK Defense
1 - 58% - 60% - 5:12
2 - 42% - 40% - 3:42
PK3 Forward
1 - 79% - 60% - 0:48
2 - 21% - 40% - 0:13
PK3 Defense
1 - 43% - 60% - 0:26
2 - 57% - 40% - 0:35
44 Forward
1 - 77% - 60% - 3:04
2 - 23% - 40% - 0:55
44 Defense
1 - 46% - 60% - 1:50
2 - 54% - 40% - 2:09
Last Minute Offensive - 0:00
Last Minute Defensive - 0:00
Total
Forward - 65:00
Defense - 65:00
|
% Time on Ice - Flyers
Lines # - Real PCT - Wanted PCT - Time Play
Normal Forward
1 - 35% - 40% - 15:16
2 - 25% - 30% - 11:01
3 - 26% - 20% - 11:10
4 - 14% - 10% - 6:12
Normal Defense
1 - 37% - 40% - 16:00
2 - 33% - 30% - 14:30
3 - 28% - 20% - 12:21
4 - 2% - 10% - 0:48
PP Forward
1 - 54% - 60% - 4:51
2 - 46% - 40% - 4:03
PP Defense
1 - 57% - 60% - 5:04
2 - 43% - 40% - 3:50
PK Forward
1 - 72% - 60% - 5:21
2 - 28% - 40% - 2:06
PK Defense
1 - 68% - 60% - 5:05
2 - 32% - 40% - 2:22
PK3 Forward
1 - 0% - 60%
2 - 0% - 40%
PK3 Defense
1 - 0% - 60%
2 - 0% - 40%
44 Forward
1 - 93% - 60% - 4:38
2 - 7% - 40% - 0:22
44 Defense
1 - 61% - 60% - 3:02
2 - 39% - 40% - 1:58
Last Minute Offensive - 0:00
Last Minute Defensive - 0:00
Total
Forward - 65:00
Defense - 65:00
|
Play by Play
1st period
0:01 of 1st period - Jeff Carter wins face-off versus Mike Ribeiro in neutral zone.
0:26 of 1st period - Alex Goligoski is hit by Jean-Gabriel Pageau and loses puck.
0:36 of 1st period - Off-side.
0:37 of 1st period - Matt Stajan wins face-off versus Kyle Wellwood in neutral zone.
1:04 of 1st period - Stefan Ruzicka is hit by Rene Bourque and loses puck.
1:10 of 1st period - Off-side.
1:11 of 1st period - Nik Antropov wins face-off versus Jeff Carter in neutral zone.
1:25 of 1st period - Snap shot by Jakub Voracek.
1:25 of 1st period - Stopped by Carey Price with a rebound.
1:27 of 1st period - Slapshot by Chris Kreider.
1:27 of 1st period - Shot Blocked by Sami Lepisto.
1:37 of 1st period - Victor Bartley is hit by Nikolai Zherdev.
2:25 of 1st period - Snap shot by Kyle Wellwood.
2:25 of 1st period - Stopped by Carey Price with a rebound.
2:27 of 1st period - Wrist shot by Wayne Simmonds.
2:27 of 1st period - Shot Misses the Net.
2:29 of 1st period - Snap shot by Dany Heatley.
2:29 of 1st period - Shot Hit the Post.
2:31 of 1st period - Slapshot by Nathan Paetsch.
2:31 of 1st period - Shot Blocked by Alex Goligoski.
2:33 of 1st period - Snap shot by Kyle Wellwood.
2:33 of 1st period - Stopped by Carey Price with a rebound.
2:43 of 1st period - Rene Bourque is hit by Jakub Voracek and loses puck.
3:04 of 1st period - Jamie McBain is hit by Victor Bartley and loses puck.
3:13 of 1st period - Snap shot by Jean-Gabriel Pageau.
3:13 of 1st period - Shot Misses the Net.
3:15 of 1st period - Snap shot by Jean-Gabriel Pageau.
3:15 of 1st period - Shot Blocked by Jamie McBain.
3:17 of 1st period - Wrist shot by Victor Bartley.
3:17 of 1st period - Shot Blocked by Tom Poti.
3:46 of 1st period - Clarke MacArthur is hit by Dany Heatley and loses puck.
3:51 of 1st period - Wrist shot by Dany Heatley.
3:51 of 1st period - Shot Blocked by Clarke MacArthur.
3:53 of 1st period - Slapshot by Wayne Simmonds.
3:53 of 1st period - Stopped by Carey Price with a rebound.
3:55 of 1st period - Slapshot by Kyle Wellwood.
3:55 of 1st period - Stopped by Carey Price with a rebound.
4:47 of 1st period - Ben Lovejoy is hit by Matthew Lombardi.
5:11 of 1st period - Snap shot by Maxim Afinogenov.
5:11 of 1st period - Shot Misses the Net.
5:13 of 1st period - Wrist shot by Maxim Afinogenov.
5:13 of 1st period - Stopped by Steve Mason with a rebound.
5:29 of 1st period - Lasse Kukkonen is hit by Jonathan Ericsson and loses puck.
5:36 of 1st period - Snap shot by Chris Kreider.
5:36 of 1st period - Stopped by Carey Price without a rebound.
5:37 of 1st period - Kyle Wellwood wins face-off versus Milan Michalek in Canucks zone.
5:38 of 1st period - Snap shot by Dany Heatley.
5:38 of 1st period - Stopped by Carey Price with a rebound.
6:09 of 1st period - Off-side.
6:10 of 1st period - Maxim Lapierre wins face-off versus Jeff Carter in neutral zone.
7:18 of 1st period - Chris Kreider is hit by Maxim Lapierre and loses puck.
7:47 of 1st period - Snap shot by Patrik Elias.
7:47 of 1st period - Shot Misses the Net.
7:49 of 1st period - Slapshot by Patrik Elias.
7:49 of 1st period - Shot Blocked by Victor Bartley.
7:51 of 1st period - Wrist shot by Nikolai Zherdev.
7:51 of 1st period - Stopped by Steve Mason with a rebound.
7:53 of 1st period - Slapshot by Ben Lovejoy.
7:53 of 1st period - Shot Misses the Net.
7:55 of 1st period - Slapshot by Nikolai Zherdev.
7:55 of 1st period - Stopped by Steve Mason with a rebound.
7:57 of 1st period - Snap shot by Nikolai Zherdev.
7:57 of 1st period - Stopped by Steve Mason without a rebound.
7:58 of 1st period - Mike Ribeiro wins face-off versus Kyle Wellwood in Flyers zone.
8:03 of 1st period - Wrist shot by Maxim Afinogenov.
8:03 of 1st period - Shot Misses the Net.
8:15 of 1st period - Wrist shot by Kyle Wellwood.
8:15 of 1st period - Shot Misses the Net.
8:41 of 1st period - Icing by Tom Poti.
8:42 of 1st period - Matthew Lombardi wins face-off versus Nik Antropov in Canucks zone.
9:50 of 1st period - Icing by Nathan Paetsch.
9:51 of 1st period - Nik Antropov wins face-off versus Alex Killorn in Flyers zone.
10:15 of 1st period - Icing by Milan Michalek.
10:16 of 1st period - Mike Ribeiro wins face-off versus Kyle Wellwood in Canucks zone.
10:24 of 1st period - Minor Penalty to Wayne Simmonds for Holding.
10:25 of 1st period - Mike Ribeiro wins face-off versus Matthew Lombardi in Flyers zone.
10:59 of 1st period - Jonathan Ericsson is hit by Alex Goligoski and loses puck.
12:20 of 1st period - Matt Smaby is hit by Milan Michalek and loses puck.
12:24 of 1st period - Penalty to Wayne Simmonds is over, Wayne Simmonds is back on ice.
14:35 of 1st period - Jakub Voracek is hit by Jiri Hudler and loses puck.
14:50 of 1st period - Matt Smaby is hit by Alex Goligoski and loses puck.
15:12 of 1st period - Minor Penalty to Ryan Hollweg for Elbowing.
15:13 of 1st period - Mike Ribeiro wins face-off versus Jeff Carter in Canucks zone.
15:46 of 1st period - Mike Ribeiro is hit by Kyle Wellwood and loses puck.
16:05 of 1st period - Jonathan Ericsson is hit by Patrik Elias and loses puck.
16:17 of 1st period - Icing by Jonathan Ericsson.
16:18 of 1st period - Jeff Carter wins face-off versus Mike Ribeiro in Flyers zone.
17:12 of 1st period - Penalty to Ryan Hollweg is over, Ryan Hollweg is back on ice.
17:27 of 1st period - Wrist shot by Nik Antropov.
17:27 of 1st period - Stopped by Steve Mason with a rebound.
17:42 of 1st period - Icing by Nathan Paetsch.
17:43 of 1st period - Matthew Lombardi wins face-off versus Mike Ribeiro in Flyers zone.
17:43 of 1st period - Matthew Lombardi is hit by Maxim Afinogenov.
18:44 of 1st period - Wrist shot by Mike Ribeiro.
18:44 of 1st period - Stopped by Steve Mason without a rebound.
18:45 of 1st period - Maxim Afinogenov wins face-off versus Kyle Wellwood in Flyers zone.
19:17 of 1st period - Snap shot by Ben Lovejoy.
19:17 of 1st period - Shot Misses the Net.
19:58 of 1st period - Slapshot by Stefan Ruzicka.
19:58 of 1st period - Goal by Stefan Ruzicka - Canucks : 0 - Flyers : 1.
19:59 of 1st period - Jeff Carter wins face-off versus Mike Ribeiro in neutral zone.
Goals for this period are 0 for Canucks vs 1 for Flyers.
Shots for this period are 6 for Canucks vs 8 for Flyers.
2nd period
0:01 of 2nd period - Mike Ribeiro wins face-off versus Jeff Carter in neutral zone.
0:04 of 2nd period - Jeff Carter is hit by Maxim Afinogenov and loses puck.
0:23 of 2nd period - Minor Penalty to Matt Smaby for Diving.
0:24 of 2nd period - Mike Ribeiro wins face-off versus Matthew Lombardi in Flyers zone.
0:27 of 2nd period - Slapshot by Mike Ribeiro.
0:27 of 2nd period - Shot Misses the Net.
0:41 of 2nd period - Snap shot by Alex Goligoski.
0:41 of 2nd period - Stopped by Steve Mason without a rebound.
0:42 of 2nd period - Maxim Afinogenov wins face-off versus Matthew Lombardi in Flyers zone.
0:53 of 2nd period - Wrist shot by Matt Stajan.
0:53 of 2nd period - Stopped by Steve Mason with a rebound.
0:55 of 2nd period - Snap shot by Matt Stajan.
0:55 of 2nd period - Stopped by Steve Mason without a rebound.
0:56 of 2nd period - Mike Ribeiro wins face-off versus Matthew Lombardi in Flyers zone.
0:57 of 2nd period - Wrist shot by Milan Michalek.
0:57 of 2nd period - Shot Blocked by Matthew Lombardi.
0:59 of 2nd period - Backhand shot by Alex Goligoski.
0:59 of 2nd period - Stopped by Steve Mason with a rebound.
2:02 of 2nd period - Off-side.
2:03 of 2nd period - Mike Ribeiro wins face-off versus Jean-Gabriel Pageau in neutral zone.
2:05 of 2nd period - Off-side.
2:06 of 2nd period - Mike Ribeiro wins face-off versus Jean-Gabriel Pageau in neutral zone.
2:09 of 2nd period - Slapshot by Ben Lovejoy.
2:09 of 2nd period - Stopped by Steve Mason with a rebound.
2:11 of 2nd period - Snap shot by Jiri Hudler.
2:11 of 2nd period - Stopped by Steve Mason without a rebound.
2:12 of 2nd period - Matthew Lombardi wins face-off versus Mike Ribeiro in Flyers zone.
2:12 of 2nd period - Matthew Lombardi is hit by Jiri Hudler.
2:22 of 2nd period - Stephane Robidas is hit by Jiri Hudler and loses puck.
2:23 of 2nd period - Penalty to Matt Smaby is over, Matt Smaby is back on ice.
2:49 of 2nd period - Slapshot by Alex Goligoski.
2:49 of 2nd period - Deflect By Ryan Hollweg.
2:49 of 2nd period - Stopped by Steve Mason without a rebound.
2:50 of 2nd period - Mike Ribeiro wins face-off versus Wayne Simmonds in Flyers zone.
2:50 of 2nd period - Mike Ribeiro is hit by Matt Smaby.
2:55 of 2nd period - Minor Penalty to Wayne Simmonds for Hooking.
2:56 of 2nd period - Matthew Lombardi wins face-off versus Mike Ribeiro in Flyers zone.
3:28 of 2nd period - Clarke MacArthur is hit by Jeff Woywitka.
4:55 of 2nd period - Penalty to Wayne Simmonds is over, Wayne Simmonds is back on ice.
5:09 of 2nd period - Tom Poti is hit by Jeff Woywitka and loses puck.
5:53 of 2nd period - Snap shot by Rostislav Olesz.
5:53 of 2nd period - Shot Misses the Net.
5:55 of 2nd period - Wrist shot by Rostislav Olesz.
5:55 of 2nd period - Stopped by Carey Price with a rebound.
5:57 of 2nd period - Slapshot by Victor Bartley.
5:57 of 2nd period - Deflect By Matthew Lombardi.
5:57 of 2nd period - Goal by Matthew Lombardi - Canucks : 0 - Flyers : 2.
5:58 of 2nd period - Mike Ribeiro wins face-off versus Chris Kreider in neutral zone.
6:00 of 2nd period - Off-side.
6:01 of 2nd period - Mike Ribeiro wins face-off versus Jeff Carter in neutral zone.
6:04 of 2nd period - Slapshot by Alex Goligoski.
6:04 of 2nd period - Shot Blocked by Chris Kreider.
6:36 of 2nd period - Wrist shot by Clarke MacArthur.
6:36 of 2nd period - Shot Misses the Net.
6:38 of 2nd period - Wrist shot by Alex Goligoski.
6:38 of 2nd period - Stopped by Steve Mason without a rebound.
6:39 of 2nd period - Mike Ribeiro wins face-off versus Jeff Carter in Flyers zone.
7:00 of 2nd period - Minor Penalty to Milan Michalek for Tripping.
7:01 of 2nd period - Mike Ribeiro wins face-off versus Jeff Carter in Canucks zone.
7:44 of 2nd period - Wrist shot by Jeff Woywitka.
7:44 of 2nd period - Shot Hit the Post.
9:00 of 2nd period - Penalty to Milan Michalek is over, Milan Michalek is back on ice.
9:05 of 2nd period - Icing by Ben Lovejoy.
9:06 of 2nd period - Jean-Gabriel Pageau wins face-off versus Maxim Lapierre in Canucks zone.
9:07 of 2nd period - Wrist shot by Alexei Morozov.
9:07 of 2nd period - Stopped by Carey Price with a rebound.
9:09 of 2nd period - Snap shot by Jean-Gabriel Pageau.
9:09 of 2nd period - Deflect By Alexei Morozov.
9:09 of 2nd period - Stopped by Carey Price with a rebound.
9:11 of 2nd period - Slapshot by Victor Bartley.
9:11 of 2nd period - Shot Misses the Net.
9:13 of 2nd period - Slapshot by Victor Bartley.
9:13 of 2nd period - Stopped by Carey Price without a rebound.
9:14 of 2nd period - Mike Ribeiro wins face-off versus Alexei Morozov in Canucks zone.
9:14 of 2nd period - Mike Ribeiro is hit by Victor Bartley.
9:22 of 2nd period - Wrist shot by Mike Ribeiro.
9:22 of 2nd period - Deflect By Milan Michalek.
9:22 of 2nd period - Stopped by Steve Mason with a rebound.
9:25 of 2nd period - Icing by Nathan Paetsch.
9:26 of 2nd period - Mike Ribeiro wins face-off versus Jean-Gabriel Pageau in Flyers zone.
9:53 of 2nd period - Victor Bartley is hit by Clarke MacArthur and loses puck.
9:58 of 2nd period - Slapshot by Jiri Hudler.
9:58 of 2nd period - Shot Misses the Net.
10:00 of 2nd period - Slapshot by Ben Lovejoy.
10:00 of 2nd period - Stopped by Steve Mason without a rebound.
10:01 of 2nd period - Jeff Carter wins face-off versus Mike Ribeiro in Flyers zone.
10:14 of 2nd period - Icing by Jeff Carter.
10:15 of 2nd period - Matt Stajan wins face-off versus Jeff Carter in Flyers zone.
10:39 of 2nd period - Off-side.
10:40 of 2nd period - Kyle Wellwood wins face-off versus Mike Ribeiro in neutral zone.
11:41 of 2nd period - Matt Stajan is hit by Alex Killorn.
11:58 of 2nd period - Off-side.
11:59 of 2nd period - Jeff Carter wins face-off versus Matt Stajan in neutral zone.
13:05 of 2nd period - Icing by Alex Killorn.
13:06 of 2nd period - Jeff Carter wins face-off versus Mike Ribeiro in Flyers zone.
13:39 of 2nd period - Snap shot by Kyle Wellwood.
13:39 of 2nd period - Deflect By Wayne Simmonds.
13:39 of 2nd period - Shot Misses the Net.
13:39 of 2nd period - Puck is out of play.
13:40 of 2nd period - Kyle Wellwood wins face-off versus Mike Ribeiro in Canucks zone.
13:41 of 2nd period - Snap shot by Dany Heatley.
13:41 of 2nd period - Shot Blocked by Tom Poti.
13:45 of 2nd period - Wrist shot by Dany Heatley.
13:45 of 2nd period - Stopped by Carey Price with a rebound.
13:47 of 2nd period - Snap shot by Kyle Wellwood.
13:47 of 2nd period - Shot Blocked by Tom Poti.
13:49 of 2nd period - Wrist shot by Jonathan Ericsson.
13:49 of 2nd period - Shot Blocked by Tom Poti.
13:51 of 2nd period - Slapshot by Matt Smaby.
13:51 of 2nd period - Shot Misses the Net.
14:50 of 2nd period - Minor Penalty to Maxim Afinogenov for Interference.
14:51 of 2nd period - Jeff Carter wins face-off versus Mike Ribeiro in Canucks zone.
16:08 of 2nd period - Jeff Woywitka is hit by Patrik Elias and loses puck.
16:39 of 2nd period - Matt Smaby is hit by Milan Michalek and loses puck.
16:50 of 2nd period - Penalty to Maxim Afinogenov is over, Maxim Afinogenov is back on ice.
18:01 of 2nd period - Jeff Woywitka is hit by Maxim Lapierre.
18:52 of 2nd period - Stefan Ruzicka is hit by Patrik Elias and loses puck.
18:57 of 2nd period - Snap shot by Patrik Elias.
18:57 of 2nd period - Stopped by Steve Mason without a rebound.
18:58 of 2nd period - Maxim Lapierre wins face-off versus Matthew Lombardi in Flyers zone.
19:03 of 2nd period - Backhand shot by Maxim Lapierre.
19:03 of 2nd period - Shot Misses the Net.
19:46 of 2nd period - Snap shot by Jean-Gabriel Pageau.
19:46 of 2nd period - Stopped by Carey Price without a rebound.
19:47 of 2nd period - Jean-Gabriel Pageau wins face-off versus Matt Stajan in Canucks zone.
19:50 of 2nd period - Wrist shot by Alexei Morozov.
19:50 of 2nd period - Shot Blocked by Matt Stajan.
Goals for this period are 0 for Canucks vs 1 for Flyers.
Shots for this period are 11 for Canucks vs 7 for Flyers.
3rd period
0:01 of 3rd period - Mike Ribeiro wins face-off versus Jakub Voracek in neutral zone.
0:25 of 3rd period - Clarke MacArthur is hit by Dany Heatley and loses puck.
1:45 of 3rd period - Snap shot by Kyle Wellwood.
1:45 of 3rd period - Shot Misses the Net.
1:47 of 3rd period - Slapshot by Victor Bartley.
1:47 of 3rd period - Stopped by Carey Price without a rebound.
1:48 of 3rd period - Mike Ribeiro wins face-off versus Alex Killorn in Canucks zone.
2:13 of 3rd period - Matt Smaby is hit by Clarke MacArthur and loses puck.
3:03 of 3rd period - Wrist shot by Maxim Lapierre.
3:03 of 3rd period - Stopped by Steve Mason without a rebound.
3:04 of 3rd period - Mike Ribeiro wins face-off versus Jeff Carter in Flyers zone.
3:05 of 3rd period - Backhand shot by Milan Michalek.
3:05 of 3rd period - Stopped by Steve Mason with a rebound.
3:29 of 3rd period - Matt Smaby is hit by Ryan Hollweg.
3:33 of 3rd period - Slapshot by Alex Goligoski.
3:33 of 3rd period - Shot Blocked by Matt Smaby.
3:35 of 3rd period - Snap shot by Nik Antropov.
3:35 of 3rd period - Shot Misses the Net.
3:37 of 3rd period - Snap shot by Nik Antropov.
3:37 of 3rd period - Deflect By Jeff Carter.
3:37 of 3rd period - Goal by Nik Antropov - Canucks : 1 - Flyers : 2.
3:38 of 3rd period - Kyle Wellwood wins face-off versus Mike Ribeiro in neutral zone.
3:43 of 3rd period - Slapshot by Mike Ribeiro.
3:43 of 3rd period - Stopped by Steve Mason with a rebound.
3:45 of 3rd period - Slapshot by Ben Lovejoy.
3:45 of 3rd period - Stopped by Steve Mason with a rebound.
3:47 of 3rd period - Slapshot by Mike Ribeiro.
3:47 of 3rd period - Shot Misses the Net.
3:49 of 3rd period - Wrist shot by Mike Ribeiro.
3:49 of 3rd period - Shot Misses the Net.
4:03 of 3rd period - Chris Kreider is hit by Jiri Hudler and loses puck.
4:28 of 3rd period - Wrist shot by Jean-Gabriel Pageau.
4:28 of 3rd period - Shot Blocked by Sami Lepisto.
5:30 of 3rd period - Ben Lovejoy is hit by Jakub Voracek and loses puck.
5:37 of 3rd period - Slapshot by Alex Goligoski.
5:37 of 3rd period - Shot Blocked by Jeff Woywitka.
6:12 of 3rd period - Snap shot by Stefan Ruzicka.
6:12 of 3rd period - Stopped by Carey Price without a rebound.
6:13 of 3rd period - Mike Ribeiro wins face-off versus Jeff Carter in Canucks zone.
6:13 of 3rd period - Mike Ribeiro is hit by Jakub Voracek.
6:32 of 3rd period - Minor Penalty to Chris Kreider for Tripping.
6:33 of 3rd period - Matthew Lombardi wins face-off versus Jiri Hudler in Flyers zone.
6:42 of 3rd period - Rostislav Olesz is hit by Mike Ribeiro and loses puck.
7:32 of 3rd period - Icing by Mike Ribeiro.
7:33 of 3rd period - Mike Ribeiro wins face-off versus Jean-Gabriel Pageau in Canucks zone.
7:56 of 3rd period - Slapshot by Clarke MacArthur.
7:56 of 3rd period - Shot Blocked by Nathan Paetsch.
7:58 of 3rd period - Slapshot by Alex Goligoski.
7:58 of 3rd period - Shot Misses the Net.
8:00 of 3rd period - Wrist shot by Maxim Afinogenov.
8:00 of 3rd period - Shot Blocked by Matthew Lombardi.
8:02 of 3rd period - Snap shot by Alex Goligoski.
8:02 of 3rd period - Goal by Alex Goligoski - Canucks : 2 - Flyers : 2.
8:03 of 3rd period - Jeff Carter wins face-off versus Mike Ribeiro in neutral zone.
8:22 of 3rd period - Jeff Carter is hit by Milan Michalek and loses puck.
8:58 of 3rd period - Off-side.
8:59 of 3rd period - Nik Antropov wins face-off versus Jean-Gabriel Pageau in neutral zone.
9:02 of 3rd period - Slapshot by Jamie McBain.
9:02 of 3rd period - Deflect By Rene Bourque.
9:02 of 3rd period - Shot Blocked by Alexei Morozov.
9:02 of 3rd period - Puck is out of play.
9:03 of 3rd period - Nik Antropov wins face-off versus Jean-Gabriel Pageau in Flyers zone.
9:08 of 3rd period - Snap shot by Nik Antropov.
9:08 of 3rd period - Stopped by Steve Mason without a rebound.
9:09 of 3rd period - Mike Ribeiro wins face-off versus Jeff Carter in Flyers zone.
9:21 of 3rd period - Jakub Voracek is hit by Mike Ribeiro.
10:07 of 3rd period - Wrist shot by Rene Bourque.
10:07 of 3rd period - Shot Misses the Net.
10:09 of 3rd period - Slapshot by Lasse Kukkonen.
10:09 of 3rd period - Shot Blocked by Stefan Ruzicka.
10:11 of 3rd period - Wrist shot by Nik Antropov.
10:11 of 3rd period - Shot Blocked by Rostislav Olesz.
10:34 of 3rd period - Slapshot by Chris Kreider.
10:34 of 3rd period - Stopped by Carey Price with a rebound.
10:54 of 3rd period - Snap shot by Jean-Gabriel Pageau.
10:54 of 3rd period - Shot Blocked by Lasse Kukkonen.
11:06 of 3rd period - Victor Bartley is hit by Jiri Hudler and loses puck.
11:26 of 3rd period - Icing by Lasse Kukkonen.
11:27 of 3rd period - Nik Antropov wins face-off versus Jeff Carter in Canucks zone.
11:34 of 3rd period - Snap shot by Chris Kreider.
11:34 of 3rd period - Shot Misses the Net.
11:36 of 3rd period - Backhand shot by Chris Kreider.
11:36 of 3rd period - Shot Hit the Post.
11:58 of 3rd period - Snap shot by Jean-Gabriel Pageau.
11:58 of 3rd period - Deflect By Alex Killorn.
11:58 of 3rd period - Stopped by Carey Price without a rebound.
11:59 of 3rd period - Jean-Gabriel Pageau wins face-off versus Maxim Afinogenov in Canucks zone.
12:43 of 3rd period - Snap shot by Alexei Morozov.
12:43 of 3rd period - Stopped by Carey Price with a rebound.
12:45 of 3rd period - Wrist shot by Alexei Morozov.
12:45 of 3rd period - Shot Misses the Net.
12:47 of 3rd period - Slapshot by Nathan Paetsch.
12:47 of 3rd period - Stopped by Carey Price with a rebound.
12:49 of 3rd period - Snap shot by Alexei Morozov.
12:49 of 3rd period - Stopped by Carey Price with a rebound.
12:51 of 3rd period - Wrist shot by Nathan Paetsch.
12:51 of 3rd period - Shot Blocked by Ben Lovejoy.
12:53 of 3rd period - Snap shot by Alexei Morozov.
12:53 of 3rd period - Stopped by Carey Price with a rebound.
12:55 of 3rd period - Snap shot by Alex Killorn.
12:55 of 3rd period - Stopped by Carey Price with a rebound.
12:57 of 3rd period - Snap shot by Alex Killorn.
12:57 of 3rd period - Shot Blocked by Matt Stajan.
13:01 of 3rd period - Snap shot by Jean-Gabriel Pageau.
13:01 of 3rd period - Shot Blocked by Jiri Hudler.
13:03 of 3rd period - Wrist shot by Alex Killorn.
13:03 of 3rd period - Shot Blocked by Jiri Hudler.
13:05 of 3rd period - Slapshot by Nathan Paetsch.
13:05 of 3rd period - Stopped by Carey Price with a rebound.
13:07 of 3rd period - Slapshot by Jeff Woywitka.
13:07 of 3rd period - Deflect By Alexei Morozov.
13:07 of 3rd period - Stopped by Carey Price without a rebound.
13:08 of 3rd period - Jeff Carter wins face-off versus Mike Ribeiro in Canucks zone.
13:09 of 3rd period - Slapshot by Chris Kreider.
13:09 of 3rd period - Shot Blocked by Tom Poti.
13:18 of 3rd period - Tom Poti is hit by Jeff Woywitka and loses puck.
14:17 of 3rd period - Matt Smaby is hit by Milan Michalek and loses puck.
14:26 of 3rd period - Jeff Carter is hit by Milan Michalek and loses puck.
14:39 of 3rd period - Snap shot by Wayne Simmonds.
14:39 of 3rd period - Stopped by Carey Price without a rebound.
14:40 of 3rd period - Maxim Lapierre wins face-off versus Kyle Wellwood in Canucks zone.
14:45 of 3rd period - Wrist shot by Maxim Lapierre.
14:45 of 3rd period - Stopped by Steve Mason without a rebound.
14:46 of 3rd period - Mike Ribeiro wins face-off versus Jeff Carter in Flyers zone.
14:51 of 3rd period - Snap shot by Milan Michalek.
14:51 of 3rd period - Stopped by Steve Mason with a rebound.
15:07 of 3rd period - Minor Penalty to Maxim Afinogenov for Hooking.
15:08 of 3rd period - Mike Ribeiro wins face-off versus Jeff Carter in Canucks zone.
16:05 of 3rd period - Nik Antropov is hit by Wayne Simmonds and loses puck.
17:07 of 3rd period - Penalty to Maxim Afinogenov is over, Maxim Afinogenov is back on ice.
17:09 of 3rd period - Matt Stajan is hit by Stephane Robidas and loses puck.
18:09 of 3rd period - Clarke MacArthur is hit by Alexei Morozov and loses puck.
18:26 of 3rd period - Snap shot by Alex Goligoski.
18:26 of 3rd period - Shot Blocked by Jeff Woywitka.
19:01 of 3rd period - Minor Penalty to Matt Stajan for Tripping.
19:02 of 3rd period - Jeff Carter wins face-off versus Patrik Elias in Canucks zone.
19:29 of 3rd period - Snap shot by Dany Heatley.
19:29 of 3rd period - Shot Blocked by Lasse Kukkonen.
Goals for this period are 2 for Canucks vs 0 for Flyers.
Shots for this period are 9 for Canucks vs 12 for Flyers.
Overtime #1
0:01 of 1st overtime period - Mike Ribeiro wins face-off versus Jeff Carter in neutral zone.
0:04 of 1st overtime period - Jeff Carter is hit by Ben Lovejoy and loses puck.
0:13 of 1st overtime period - Slapshot by Matt Smaby.
0:13 of 1st overtime period - Stopped by Carey Price with a rebound.
1:01 of 1st overtime period - Penalty to Matt Stajan is over, Matt Stajan is back on ice.
1:07 of 1st overtime period - Slapshot by Jamie McBain.
1:07 of 1st overtime period - Shot Misses the Net.
1:23 of 1st overtime period - Slapshot by Matt Stajan.
1:23 of 1st overtime period - Shot Misses the Net.
1:43 of 1st overtime period - Snap shot by Ryan Hollweg.
1:43 of 1st overtime period - Deflect By Patrik Elias.
1:43 of 1st overtime period - Stopped by Steve Mason without a rebound.
1:44 of 1st overtime period - Jeff Carter wins face-off versus Ryan Hollweg in Flyers zone.
2:05 of 1st overtime period - Matt Stajan is hit by Jeff Woywitka and loses puck.
2:38 of 1st overtime period - Lasse Kukkonen is hit by Stephane Robidas.
2:58 of 1st overtime period - Wrist shot by Maxim Lapierre.
2:58 of 1st overtime period - Deflect By Ryan Hollweg.
2:58 of 1st overtime period - Stopped by Steve Mason with a rebound.
3:08 of 1st overtime period - Ben Lovejoy is hit by Jonathan Ericsson and loses puck.
3:32 of 1st overtime period - Dany Heatley is hit by Lasse Kukkonen and loses puck.
3:45 of 1st overtime period - Jamie McBain is hit by Rostislav Olesz and loses puck.
4:09 of 1st overtime period - Nathan Paetsch is hit by Mike Ribeiro and loses puck.
4:30 of 1st overtime period - Wrist shot by Nik Antropov.
4:30 of 1st overtime period - Shot Misses the Net.
Goals for this period are 0 for Canucks vs 0 for Flyers.
Shots for this period are 2 for Canucks vs 1 for Flyers.
ShootOut
5:00 of 1st overtime period - Penalty Shot by Mike Ribeiro for Canucks.
5:00 of 1st overtime period - Snap shot by Mike Ribeiro.
5:00 of 1st overtime period - Shot Misses the Net.
5:00 of 1st overtime period - Penalty Shot by Jeff Carter for Flyers.
5:00 of 1st overtime period - Wrist shot by Jeff Carter.
5:00 of 1st overtime period - Stopped by Carey Price.
5:00 of 1st overtime period - Penalty Shot by Matt Stajan for Canucks.
5:00 of 1st overtime period - Deke by Matt Stajan.
5:00 of 1st overtime period - Shot Misses the Net.
5:00 of 1st overtime period - Penalty Shot by Kyle Wellwood for Flyers.
5:00 of 1st overtime period - Snap shot by Kyle Wellwood.
5:00 of 1st overtime period - Goal by Kyle Wellwood.
5:00 of 1st overtime period - Penalty Shot by Nik Antropov for Canucks.
5:00 of 1st overtime period - Deke by Nik Antropov.
5:00 of 1st overtime period - Stopped by Steve Mason.
Back to the Top